General information
- name: BNet
- type: Ladder 1vs1/FFA
- host: Battle.net
- saver: DNK
map: GoldRush
- players: 4
- length: 33:35
- speed: Fast
- version: 1.21 W3XP
- replay type: Public
» download(167 KB)
Players
team 1 (loser)
Player 1 (
orange | 23 APM | 627 actions | 26:42)
4 Far Seer
2 Feral Spirit
2 Chain Lighting
» actions
| Assign group hotkey | 27 | |
| Build / train | 65 | |
| Enter build submenu | 16 | |
| Enter hero's abilities submenu | 5 | |
| Remove unit from queue | 2 | |
| Right click | 258 | |
| Select / deselect | 175 | |
| Select group hotkey | 45 | |
| Use ability | 34 | |
627 total
» units
| Peon | 10 | |
| Grunt | 5 | |
| Troll Headhunter/Berserker | 15 | |
| Wind Rider | 15 | |
| Troll Batrider | 3 | |
48 total
» upgrades
| Ranged Weapons | 3 | |
| Melee Weapons | 1 | |
| Armor | 1 | |
| Spiked Barricades | 1 | |
| Envenomed Spears | 1 | |
| Berserker Upgrade | 1 | |
8 total
» buildings
| Altar of Storms | 1 | |
| Orc Burrow | 8 | |
| War Mill | 1 | |
| Barracks | 1 | |
| Stronghold | 1 | |
| Beastiary | 2 | |
| Watch Tower | 3 | |
| Fortress | 1 | |
| Great Hall | 1 | |
| Voodoo Lounge | 1 | |
20 total
» build order
00:08 Altar of Storms
00:16 Orc Burrow
01:25 War Mill
02:26 Barracks
02:56 Orc Burrow
05:15 Stronghold
07:53 Orc Burrow
07:55 Orc Burrow
08:09 Beastiary
09:56 Watch Tower
10:00 Watch Tower
10:05 Watch Tower
12:15 Orc Burrow
13:52 Orc Burrow
13:53 Orc Burrow
13:54 Orc Burrow
14:14 Beastiary
16:49 Fortress
18:29 Great Hall
22:00 Voodoo Lounge
team 2 (winner)

»
DNK (
teal | 155 APM | 5210 actions | 33:35)
7 Death Knight
3 Death Coil
2 Unholy Aura
1 Animate Dead
1 Death Pact
7 Lich
3 Frost Nova
1 Dark Ritual
2 Frost Armor
1 Death and Decay
6 Dreadlord
3 Sleep
2 Vampiric Aura
1 Inferno
» actions
| Assign group hotkey | 35 | |
| Basic commands | 57 | |
| Build / train | 178 | |
| ESC pressed | 5 | |
| Enter build submenu | 58 | |
| Enter hero's abilities submenu | 22 | |
| Give item / drop item | 3 | |
| Right click | 1946 | |
| Select / deselect | 689 | |
| Select group hotkey | 1988 | |
| Use ability | 229 | |
5210 total
» units
| Acolyte | 24 | |
| Ghoul | 11 | |
| Crypt Fiend | 3 | |
| Obsidian Statue | 6 | |
| Gargoyle | 6 | |
| Abomination | 2 | |
| Frost Wyrm | 3 | |
55 total
» upgrades
| Unholy Armor | 5 | |
| Unholy Strength | 3 | |
| Creature Attack | 3 | |
| Destroyer Form | 1 | |
| Ghoul Frenzy | 1 | |
| Web | 1 | |
| Creature Carapace | 3 | |
| Disease Cloud | 1 | |
| Freezing Breath | 1 | |
19 total
» buildings
| Crypt | 2 | |
| Altar of Darkness | 1 | |
| Ziggurat | 22 | |
| Tomb of Relics | 1 | |
| Necropolis | 10 | |
| Graveyard | 3 | |
| Halls of the Dead | 4 | |
| Black Citadel | 2 | |
| Slaughterhouse | 1 | |
| Sacrificial Pit | 1 | |
| Spirit Tower | 28 | |
| Nerubian Tower | 10 | |
| Boneyard | 2 | |
87 total
» build order
00:05 Crypt
00:09 Altar of Darkness
00:23 Ziggurat
00:51 Ziggurat
01:17 Tomb of Relics
03:20 Necropolis
03:37 Graveyard
03:41 Graveyard
04:19 Halls of the Dead
04:23 Ziggurat
05:03 Crypt
06:35 Ziggurat
07:53 Necropolis
08:02 Black Citadel
08:02 Black Citadel
08:10 Slaughterhouse
08:16 Sacrificial Pit
08:34 Graveyard
10:16 Necropolis
10:21 Ziggurat
10:23 Ziggurat
10:25 Ziggurat
11:19 Spirit Tower
11:20 Spirit Tower
11:20 Spirit Tower
11:21 Nerubian Tower
11:21 Nerubian Tower
11:40 Spirit Tower
11:41 Spirit Tower
11:42 Ziggurat
12:54 Ziggurat
12:55 Ziggurat
12:57 Ziggurat
13:44 Spirit Tower
13:46 Spirit Tower
13:46 Spirit Tower
13:48 Spirit Tower
13:48 Spirit Tower
13:50 Nerubian Tower
13:50 Nerubian Tower
14:14 Spirit Tower
14:14 Spirit Tower
14:15 Spirit Tower
14:15 Spirit Tower
14:16 Spirit Tower
14:16 Spirit Tower
15:37 Necropolis
15:48 Boneyard
16:20 Necropolis
17:27 Boneyard
19:16 Ziggurat
19:17 Ziggurat
19:18 Ziggurat
20:18 Necropolis
20:50 Ziggurat
20:51 Ziggurat
20:52 Ziggurat
20:55 Ziggurat
21:53 Spirit Tower
21:53 Spirit Tower
21:56 Spirit Tower
21:56 Spirit Tower
22:09 Spirit Tower
22:09 Spirit Tower
22:10 Spirit Tower
22:12 Nerubian Tower
22:12 Nerubian Tower
22:13 Nerubian Tower
23:00 Necropolis
23:29 Halls of the Dead
23:30 Halls of the Dead
24:03 Necropolis
24:06 Ziggurat
24:07 Ziggurat
24:09 Ziggurat
24:11 Ziggurat
26:29 Spirit Tower
26:29 Nerubian Tower
26:30 Nerubian Tower
31:10 Necropolis
31:14 Necropolis
» items
| Rod of Necromancy | 3 | |
| Boots of Speed | 1 | |
| Staff of Teleportation | 2 | |
| Scroll of Healing | 9 | |
| Scroll of Town Portal | 5 | |
| Orb of Corruption | 2 | |
| Potion of Lesser Invulnerability | 3 | |
| Scroll of Protection | 1 | |
| Potion of Mana | 1 | |
| Potion of Healing | 1 | |
28 total
team 3 (loser)

»
Player 3 (
blue | 62 APM | 2075 actions | 33:32)
5 Death Knight
3 Death Coil
1 Unholy Aura
1 Death Pact
4 Lich
2 Frost Nova
2 Frost Armor
2 Crypt Lord
1 Impale
1 Spiked Carapace
» actions
| Assign group hotkey | 60 | |
| Basic commands | 36 | |
| Build / train | 104 | |
| Enter build submenu | 36 | |
| Enter hero's abilities submenu | 11 | |
| Give item / drop item | 6 | |
| Remove unit from queue | 1 | |
| Right click | 788 | |
| Select / deselect | 362 | |
| Select group hotkey | 542 | |
| Use ability | 129 | |
2075 total
» units
| Acolyte | 30 | |
| Ghoul | 4 | |
| Crypt Fiend | 12 | |
| Obsidian Statue | 2 | |
| Frost Wyrm | 12 | |
60 total
» upgrades
| Creature Attack | 2 | |
| Creature Carapace | 2 | |
| Web | 1 | |
| Destroyer Form | 1 | |
6 total
» buildings
| Crypt | 1 | |
| Graveyard | 1 | |
| Altar of Darkness | 3 | |
| Ziggurat | 14 | |
| Tomb of Relics | 2 | |
| Spirit Tower | 5 | |
| Halls of the Dead | 1 | |
| Necropolis | 3 | |
| Nerubian Tower | 1 | |
| Slaughterhouse | 1 | |
| Black Citadel | 1 | |
| Sacrificial Pit | 1 | |
| Boneyard | 2 | |
36 total
» build order
00:07 Crypt
00:17 Graveyard
00:43 Altar of Darkness
01:00 Ziggurat
01:30 Tomb of Relics
02:03 Ziggurat
03:42 Ziggurat
04:12 Ziggurat
05:05 Spirit Tower
05:35 Spirit Tower
05:48 Halls of the Dead
06:09 Ziggurat
06:27 Necropolis
06:40 Nerubian Tower
07:06 Ziggurat
08:11 Slaughterhouse
08:16 Spirit Tower
08:50 Black Citadel
09:43 Sacrificial Pit
10:57 Necropolis
11:30 Boneyard
12:00 Boneyard
12:42 Ziggurat
12:45 Ziggurat
13:49 Spirit Tower
18:20 Tomb of Relics
24:00 Altar of Darkness
24:03 Altar of Darkness
24:05 Necropolis
24:10 Ziggurat
24:12 Ziggurat
24:13 Ziggurat
24:15 Ziggurat
25:44 Ziggurat
26:04 Spirit Tower
29:36 Ziggurat
» items
| Rod of Necromancy | 3 | |
| Sacrificial Skull | 1 | |
| Boots of Speed | 1 | |
| Scroll of Healing | 5 | |
| Potion of Healing | 2 | |
| Orb of Corruption | 1 | |
| Scroll of Town Portal | 2 | |
15 total
team 4 (loser)
Player 4 (
yellow | 89 APM | 2884 actions | 32:22)
7 Blademaster
3 Wind Walk
3 Critical Strike
1 Bladestorm
5 Far Seer
3 Chain Lighting
2 Far Sight
4 Tauren Chieftain
2 War Stomp
2 Endurance Aura
» actions
| Assign group hotkey | 65 | |
| Basic commands | 153 | |
| Build / train | 115 | |
| Enter build submenu | 22 | |
| Enter hero's abilities submenu | 17 | |
| Give item / drop item | 6 | |
| Right click | 1049 | |
| Select / deselect | 573 | |
| Select group hotkey | 660 | |
| Use ability | 224 | |
2884 total
» units
| Peon | 19 | |
| Grunt | 4 | |
| Troll Batrider | 19 | |
| Troll Witch Doctor | 9 | |
| Shaman | 8 | |
| Tauren | 8 | |
67 total
» upgrades
| Witch Doctor Training | 2 | |
| Shaman Training | 2 | |
4 total
» buildings
| Altar of Storms | 1 | |
| Barracks | 1 | |
| Orc Burrow | 9 | |
| Voodoo Lounge | 1 | |
| Stronghold | 2 | |
| Great Hall | 3 | |
| War Mill | 2 | |
| Beastiary | 2 | |
| Spirit Lodge | 2 | |
| Fortress | 1 | |
| Tauren Totem | 1 | |
25 total
» build order
00:05 Altar of Storms
00:08 Barracks
00:18 Orc Burrow
01:51 Orc Burrow
02:05 Voodoo Lounge
03:44 Stronghold
04:41 Great Hall
05:10 Orc Burrow
05:34 War Mill
05:37 War Mill
05:40 Orc Burrow
06:38 Beastiary
06:42 Beastiary
07:32 Spirit Lodge
08:00 Spirit Lodge
09:21 Fortress
09:53 Orc Burrow
10:38 Orc Burrow
12:14 Tauren Totem
12:42 Orc Burrow
14:39 Orc Burrow
18:20 Great Hall
26:14 Great Hall
30:10 Orc Burrow
» items
| Healing Salve | 9 | |
| Orb of Lightning | 2 | |
| Scroll of Town Portal | 5 | |
16 total
Chat log
(13:05 / All) Player 4: want me to suicide you blue?
(13:10 / All) Player 4: fucking douchebag
(13:14 / All) Player 3: suck it noob
(13:15 / All) Player 4: NOW
(13:16 / All) Player 4: TEAL TEAMS
(13:24 / All) Player 4: FUCKING NOOBS
(13:29 / All) Player 4: leave blue
(13:30 / All) Player 4: leave the game
(13:33 / All) Player 3: suck it nigger
(13:37 / All) Player 4: i said leave
(13:52 / All) Player 4: fucking idiot
(13:54 / All) Player 4: ruins games
(13:56 / All) Player 4: for no reason
(13:57 / All) Player 3: suck it nigger
(13:59 / All) Player 4: racist
(14:00 / All) Player 4: racist
(14:02 / All) Player 3: u lose
(14:03 / All) Player 3: i win
(14:04 / All) Player 4: racisr
(14:05 / All) Player 4: no
(14:05 / All) Player 3: Lawl
(14:07 / All) Player 4: you lose at life
(14:08 / All) Player 4: 30% in math
(14:09 / All) Player 4: fail more
(15:41 / All) Player 3: leave
(16:10 / All) Player 4: haha
(16:15 / All) Player 1: what?
(17:29 / All) Player 4: blue wins
(17:30 / All) Player 4: kill him
(17:36 / All) Player 1: where is he?
(18:06 / All) Player 4: top right
(18:07 / All) Player 4: corner
(19:13 / All) Player 3: yellow wins
(19:18 / All) Player 3: top left corner
(19:20 / All) Player 4: mass wyrms
(19:22 / All) Player 4: not vs that
(19:23 / All) Player 4: sorry
(19:26 / All) Player 3: LOL I HAVE 2
(19:30 / All) Player 3: I HAVE MASS FIENDS IDIOT
(19:38 / All) Player 4: you had 6
(19:43 / All) Player 3: LOL WAND
(19:44 / All) Player 3: IDIOT
(19:44 / All) Player 4: barely
(19:49 / All) Player 4: cry more
(19:50 / All) Player 4: noob
(20:20 / All) Player 1: that was a complete failure haha
(22:17 / All) Player 3: ROFL
(22:19 / All) Player 3: FUCKING TEAMERS
(22:26 / All) Player 3: green they are teaming
(22:30 / All) Player 3: good luck
(22:34 / All) Player 3: yellow u fucking nigger
(22:37 / All) Player 4: STFU
(22:38 / All) Player 4: YOU STARTED
(22:39 / All) Player 4: THIS SHIT
(22:39 / All) Player 1: what?
(22:40 / All) Player 4: NEWBIE
(22:43 / All) Player 1: i aint teaming?
(22:45 / All) Player 3: No
(22:47 / All) Player 3: the other 2 are
(22:54 / All) Player 3: they just teamed me
(22:55 / All) Player 3: u lose
(23:09 / All) Player 3: i could fucking rape any of you newbs 1v1
(23:11 / All) Player 3: thats the sad part
(23:16 / All) Player 4: no you can't
(23:19 / All) Player 4: no wyrms in 1v1
(23:21 / All) Player 3: actually i can
(23:22 / All) Player 3: newb
(23:26 / All) Player 3: i dont need worms to beat you
(23:27 / All) Player 4: LOL
(23:29 / All) Player 3: you have no micro
(23:32 / All) Player 3: just let your hero die
(23:39 / All) Player 4: kinda hard microing
(23:40 / All) Player 4: versus
(23:42 / All) Player 4: the unoriginal
(23:43 / All) Player 4: hero nuke
(23:45 / All) Player 4: typical 500 dmg
(23:48 / All) Player 4: so dumb and broken
(23:53 / All) Player 3: ya keep crying nigger
(24:39 / All) Player 3: hit yellow
(24:42 / All) Player 3: in top left
(24:45 / All) Player 3: if you want a chance to win
(24:47 / All) Player 3: while hes weak
(25:29 / All) Player 1: did i do bad?
(25:58 / All) Player 1: am i bad?
(26:47 / All) Player 3: yellow wins
(26:50 / All) Player 3: teal u fuckin nooblet
(26:55 / All) Player 3: u got played
(28:42 / All) Player 4: gg
(28:49 / All) Player 4: teal owned me
(28:55 / All) DNK: I have....
(28:58 / All) DNK: 7 expos
(29:05 / All) Player 4: orange
(29:07 / All) Player 4: we have to go
(29:08 / All) Player 4: for teal
(29:11 / All) DNK: oj is gone
(29:16 / All) Player 4: oh
(29:20 / All) Player 4: and blue will ruin the game for me
(29:21 / All) Player 4: obviously
(29:29 / All) Player 3: im dead
(29:30 / All) Player 3: Idiot
(29:33 / All) Player 4: stfu
(31:01 / All) Player 3: kill teal
(31:11 / All) Player 4: wish i could
(31:13 / All) Player 4: he owned me
(31:19 / All) Player 3: liar
(31:22 / All) Player 3: i see ur expos
(31:24 / All) Player 3: with shade
(31:26 / All) Player 3: u still alive
(32:00 / All) Player 4: wish you weren't a douche
(32:02 / All) Player 4: wish
(32:04 / All) Player 4: her nuke
(32:05 / All) Player 4: always
(32:07 / All) Player 4: fucking noob
(32:08 / All) Player 4: teal
(32:09 / All) Player 4: you suck
(32:11 / All) DNK: :)
(32:15 / All) Player 4: learn 2 play different race
(32:18 / All) DNK: i was random
(32:20 / All) Player 4: i win
(32:20 / All) Player 4: gg
(32:21 / All) Player 4: bye
(32:21 / All) Player 4: stfu
(33:12 / All) Player 3: no micro newb
(33:16 / All) Player 3: u suck as bad as him
(33:19 / All) Player 3: if i didnt get teamed
(33:21 / All) Player 3: i would have won
(33:24 / All) Player 3: u fucking nigger